AoeStats
← Thomas the Train

Arena

510428289Analyzed
2v2 RM · 1d ago on Oct 1, 2026· 45m 41s· 4 players
Game mode
Random Map
Map size
Medium (4 player)
Population
200
Speed
Normal
Resources
Standard
Victory
Conquest
Starting age
Dark Age
Ending age
Imperial Age
RankedLock teamsTeams togetherTeam positionsShared explorationLock speedFull tech treeHidden civsTurbo modeCheats
Victory
Defeat
🇵🇪 Lithuanians · Peru
1302
+17
🇦🇷 Spanish · Argentina
1277
+18
🇺🇸 Ethiopians · United States
1401
-21
🇺🇸 Dravidians · United States
1242
-14
monJ3__
10:41 Feudal Age
8:57 Loom
14:45 Castle Age
18:55 Double-Bit Axe
28:22 Imperial Age
25:40 Horse Collar
26:39 Sanctity
28:36 Wheelbarrow
28:16 Bow Saw
28:08 Heavy Plow
28:29 Padded Archer Armor
30:41 Conscription
31:35 Leather Archer Armor
32:42 Elite Conquistador
34:32 Gold Mining
36:10 Stone Mining
36:37 Hand Cart
36:38 Fletching
36:45 Town Watch
37:54 Bodkin Arrow
38:30 Ring Archer Armor
39:33 Ballistics
39:30 Thumb Ring
38:49 Elite Skirmisher
39:32 Bracer
41:45 Two-Man Saw
42:14 Chemistry
41:13 Murder Holes
42:29 Stone Shaft Mining
43:59 Masonry
WALLS
8:31 Loom
10:17 Feudal Age
11:55 Double-Bit Axe
14:25 Castle Age
20:03 Horse Collar
25:26 Wheelbarrow
25:27 Gold Mining
25:29 Stone Mining
26:17 Bow Saw
28:01 Heavy Plow
29:39 Hand Cart
29:55 Bloodlines
29:46 Husbandry
33:09 Imperial Age
31:27 Scale Barding Armor
32:18 Forging
32:32 Chain Barding Armor
32:25 Forging
33:28 Ballistics
33:57 Iron Casting
33:14 Fletching
33:38 Thumb Ring
33:45 Town Watch
33:41 Cavalier
35:06 Plate Barding Armor
36:50 Chemistry
36:01 Masonry
35:32 Treadmill Crane
36:10 Padded Archer Armor
36:06 Bodkin Arrow
37:34 Stone Shaft Mining
38:06 Two-Man Saw
37:38 Crop Rotation
36:53 Paladin
38:41 Conscription
40:01 Architecture
39:26 Heavy Cavalry Archer
40:19 Bracer
40:35 Leather Archer Armor
42:31 Ring Archer Armor
43:03 Town Patrol
Thomas the Train
10:46 Feudal Age
14:16 Castle Age
12:21 Double-Bit Axe
12:52 Horse Collar
16:13 Loom
18:30 Town Watch
20:18 Heavy Plow
24:25 Bow Saw
25:32 Wheelbarrow
25:20 Fletching
26:28 Ballistics
26:45 Forging
26:58 Gold Mining
30:02 Iron Casting
33:08 Imperial Age
31:25 Hand Cart
31:10 Town Patrol
32:39 Scale Mail Armor
33:26 Royal Heirs
33:25 Elite Shotel Warrior
34:10 Bodkin Arrow
35:39 Capped Ram
36:51 Chain Mail Armor
37:36 Blast Furnace
36:22 Man-at-Arms
37:11 Squires
39:43 Halberdier
40:43 Crossbowman
42:04 Arbalester
42:50 Thumb Ring
43:40 Bracer
46:21 Masonry
ROHyourBOAT33
10:44 Feudal Age
14:34 Castle Age
12:39 Horse Collar
14:57 Fletching
18:10 Loom
19:11 Bodkin Arrow
21:58 Double-Bit Axe
29:38 Imperial Age
28:30 Heavy Plow
30:08 Padded Archer Armor
30:56 Ballistics
32:29 Bracer
36:55 Leather Archer Armor
37:49 Elite Elephant Archer
Connection lost

Rejoining the realm…

Still unreachable

The connection could not be restored.

Session expired

The server has moved on; the page needs a fresh start.